 Dungeon Crawl Stone Soup version 0.25-a0-591-g2ad0d86 (webtiles) character file.

Game seed: 17033873319828339882, levelgen mode: deterministic

2155 MrTaco21 the Basher (level 9, 0/51 HPs)
             Began as a Gargoyle Fighter on Mar 14, 2020.
             Was an Initiate of Gozag.
             Slain by an unseen horror (7 damage)
             ... on level 7 of the Dungeon.
             The game lasted 00:08:26 (5030 turns).

MrTaco21 the Basher (Gargoyle Fighter)              Turns: 5030, Time: 00:08:27

Health: 0/51       AC: 14    Str: 24    XL:     9   Next: 31%
Magic:  9/9        EV:  7    Int:  8    God:    Gozag
Gold:   689        SH:  9    Dex:  9    Spells: 8/8 levels left

rFire    . . .     SeeInvis .   w - +2 whip (flame)
rCold    . . .     Gourm    .   c - +0 kite shield
rNeg     + . .     Faith    .   b - +0 scale mail
rPois    ∞         Spirit   .   (no helmet)
rElec    +         Reflect  .   m - +0 cloak
rCorr    +         Harm     .   (no gloves)
MR       .....                  (no boots)
Stlth    ..........             (no amulet)
HPRegen  0.17/turn              h - ring of resist corrosion
MPRegen  0.11/turn              (no ring)

@: no status effects
A: negative energy resistance 1, electricity resistance, unbreathing,
petrification resistance, rot immunity, AC +6
a: Potion Petition, Call Merchant, Bribe Branch, Renounce Religion


You were on level 7 of the Dungeon.
You worshipped Gozag.
Gozag was pleased with you.
You were not hungry.

You visited 2 branches of the dungeon, and saw 8 of its levels.

You collected 735 gold pieces.
You paid 46 gold pieces to Gozag.

Inventory:

Hand Weapons
 q - a +3 flail of protection
   (You took it off Terence on level 2 of the Dungeon)
 w - a +2 whip of flaming (weapon)
   (You took it off Pikel on level 6 of the Dungeon)
Armour
 b - a +0 scale mail (worn)
 c - a +0 kite shield (worn)
 m - a +0 cloak (worn)
   (You found it on level 2 of the Dungeon)
 v - a +0 pair of boots
   (You found it on level 6 of the Dungeon)
Jewellery
 h - a ring of resist corrosion (left hand)
   (You found it on level 1 of the Dungeon)
Wands
 p - a wand of polymorph (9)
   (You took it off Terence on level 2 of the Dungeon)
 t - a wand of flame (18)
   (You found it on level 3 of the Dungeon)
 x - a wand of acid (11)
   (You found it on level 5 of the Dungeon)
Scrolls
 g - 2 scrolls of enchant armour {unknown}
 j - 10 scrolls of identify {unknown}
 k - 2 scrolls of fear {unknown}
 l - 4 scrolls of amnesia {unknown}
 o - 2 scrolls of remove curse {unknown}
 r - 2 scrolls of blinking {unknown}
 s - a scroll of fog {unknown}
 y - a scroll of enchant weapon {unknown}
Potions
 a - a potion of berserk rage {unknown}
 d - 2 potions of might
 f - 2 potions of resistance {unknown}
 i - 3 potions of haste {unknown}
 n - 8 potions of curing {unknown}
 u - 2 potions of stabbing {unknown}
Comestibles
 e - 6 rations {!d}


   Skills:
 - Level 3.2 Fighting
 + Level 11.9 Maces & Flails
 - Level 3.2 Armour
 - Level 3.2 Shields


You had 8 spell levels left.
You didn't know any spells.
Your spell library contained the following spells:

 Spells                   Type           Power        Failure   Level  Hunger
 Confusing Touch          Hex            #.......     100%        3    ####...
 Gell's Gravitas          Tloc           #.........   100%        3    ####...
 Petrify                  Tmut/Erth      #.......     100%        4    #####..
 Metabolic Englaciation   Hex/Ice        #.........   100%        5    ######.
 Yara's Violent Unravell  Hex/Tmut       #.........   100%        5    ######.


Dungeon Overview and Level Annotations

Branches:
Dungeon (7/15)             Temple (1/1) D:5

Altars:
Ashenzari
Cheibriados
Dithmenos
Elyvilon
Gozag
Hepliaklqana
Kikubaaqudgha
Makhleb
Nemelex Xobeh
Okawaru
Qazlal
Ru
Sif Muna
Trog
Vehumet
Wu Jian
Xom
Yredelemnul
Zin
The Shining One

Shops:
D:7 [


Innate Abilities, Weirdness & Mutations

You are resistant to torment.
Your stone body is resilient. (AC +6)
You are immune to poison.
You resist negative energy. (rN+)
You are resistant to electric shocks. (rElec)
You can survive without breathing.
You are immune to petrification.
You are immune to rotting.


Message History

You hit Menkaure. You burn Menkaure. You block something's attack.
Unknown command.
You barely miss Menkaure. Something hits you but does no damage.
You hit Menkaure. You burn Menkaure.
You destroy Menkaure!
You block something's attack.
Unknown command.
No target in view!
You closely miss something. Something hits you but does no damage.
Something hits you.
Unknown command.
Something hits you. You block something's attack. Something hits you.
You block something's attack. Something hits you but does no damage.
You see here 3 gold pieces.
You block something's attack.
Unknown command.
Something hits you.
You see here 3 gold pieces.
You block something's attack.
You closely miss something. Something hits you but does no damage.
Something hits you.
* * * LOW HITPOINT WARNING * * *
Unknown command.
Something hits you but does no damage. Something hits you but does no damage.
Something hits you.
* * * LOW HITPOINT WARNING * * *
You see here 3 gold pieces.
Something hits you but does no damage. Something hits you.
* * * LOW HITPOINT WARNING * * *
You block something's attack.
You hit something. You burn something. You block something's attack.
Something hits you.
* * * LOW HITPOINT WARNING * * *
You miss something. Something hits you but does no damage.
You closely miss something. You block something's attack.
Unknown command.
Something hits you.
* * * LOW HITPOINT WARNING * * *
Something hits you!
You die...
Your body crumbles into a pile of gold.

......##..#..........######
......##..#..........#
.......#..#..........#
.....).#..#.(........#
......(...#..........#
......#...#..........#
.######...#........$.#
..........#.(........#
#######+#.#.....@....#
..........+.........(#
..........#......$...#
.........>....(...####
.........#####....#
.........# #....#
.........# #....#
.........# ######
######'###


There were no monsters in sight!

Vanquished Creatures
  Pikel (D:6)
  Menkaure (D:7)
  A sky beast (D:6)
  Duvessa (D:6)
  An ice beast (D:5)
  3 slaves (D:6)
  A phantom (D:4)
  4 centaurs
  2 bullfrogs
  Dowan (D:6)
  A scorpion (D:5)
  A howler monkey (D:4)
  3 crimson imps
  A hound (D:7)
  An orc priest (D:4)
  Jessica (D:3)
  Terence (D:2)
  An iguana (D:7)
  Natasha (thrice) (D:2)
  4 worker ants
  4 gnolls (D:2)
  6 adders
  A shadow imp (D:6)
  An ooze (D:6)
  4 worms
  5 dart slugs
  5 leopard geckos
  12 orcs
  4 bats
  2 giant cockroaches
  5 goblins
  4 hobgoblins
  7 jackals
  4 quokkas
  A frilled lizard (D:3)
  A leopard gecko zombie (D:4)
  6 rats
105 creatures vanquished.

Vanquished Creatures (others)
  A quokka (D:3)
1 creature vanquished.

Grand Total: 106 creatures vanquished

Notes
Turn   | Place    | Note
-------+----------+-------------------------------------------
     0 | D:1      | MrTaco21 the Gargoyle Fighter began the quest for the Orb.
     0 | D:1      | Reached XP level 1. HP: 14/14 MP: 1/1
   134 | D:1      | Reached XP level 2. HP: 15/19 MP: 2/2
   213 | D:1      | Reached skill level 3 in Maces & Flails
   423 | D:2      | Reached XP level 3. HP: 12/23 MP: 3/3
   714 | D:2      | Reached skill level 4 in Maces & Flails
   721 | D:2      | Reached XP level 4. HP: 17/28 MP: 4/4
   869 | D:2      | Noticed Natasha
   883 | D:2      | Killed Natasha
   900 | D:2      | Noticed Terence
   913 | D:2      | Killed Terence
   913 | D:2      | Reached skill level 5 in Maces & Flails
   913 | D:2      | Reached XP level 5. HP: 20/32 MP: 5/5
  1237 | D:2      | Noticed Natasha
  1242 | D:2      | Killed Natasha
  1283 | D:2      | Noticed Natasha
  1294 | D:2      | Killed Natasha
  1470 | D:3      | Noticed Jessica
  1485 | D:3      | Killed Jessica
  1485 | D:3      | Reached skill level 6 in Maces & Flails
  1485 | D:3      | Reached XP level 6. HP: 20/37 MP: 6/6
  1522 | D:3      | Found a white marble altar of Elyvilon.
  1626 | D:3      | Found an opulent altar of Gozag.
  1741 | D:3      | Became a worshipper of Gozag Ym Sagoz the Greedy
  1826 | D:3      | Found a shimmering blue altar of Sif Muna.
  2072 | D:3      | Found an iron altar of Okawaru.
  2074 | D:3      | Found a bloodstained altar of Trog.
  2224 | D:4      | Found a shadowy altar of Dithmenos.
  2935 | D:5      | Entered Level 5 of the Dungeon
  2950 | D:5      | Found an opulent altar of Gozag.
  2964 | D:5      | Reached skill level 7 in Maces & Flails
  2972 | D:5      | Noticed a phantom
  2991 | D:4      | Reached XP level 7. HP: 8/41 MP: 7/7
  3344 | D:5      | Reached skill level 8 in Maces & Flails
  3424 | D:5      | Found a stormy altar of Qazlal.
  3424 | D:5      | Found an ornate altar of the Wu Jian Council.
  3425 | D:5      | Found a snail-covered altar of Cheibriados.
  3515 | D:5      | Found a staircase to the Ecumenical Temple.
  3712 | D:5      | Reached skill level 9 in Maces & Flails
  3712 | D:5      | Reached XP level 8. HP: 38/46 MP: 8/8
  3719 | D:5      | Found a hazy altar of Hepliaklqana.
  3771 | Temple   | Entered the Ecumenical Temple
  4105 | D:6      | Noticed Duvessa
  4105 | D:6      | Noticed Dowan
  4114 | D:6      | Killed Duvessa
  4123 | D:6      | Killed Dowan
  4294 | D:6      | Found a burning altar of Makhleb.
  4382 | D:6      | Reached skill level 10 in Maces & Flails
  4522 | D:6      | Noticed Pikel
  4547 | D:6      | Killed Pikel
  4547 | D:6      | Reached skill level 11 in Maces & Flails
  4547 | D:6      | Reached XP level 9. HP: 51/51 MP: 9/9
  4975 | D:7      | Found Wereil's Armour Emporium.
  4998 | D:7      | Noticed Menkaure
  5007 | D:7      | Killed Menkaure
  5030 | D:7      | Slain by an unseen horror

Levels and vault maps discovered:
D:1:      matt_arrival_diagonals, layout_rooms
D:2:      layout_loops_ring, first_ration, chequers_serial_rivers_micro_a,
          uniq_natasha, uniq_terence
D:3:      layout_rooms, nicolae_overflow_hidden_temple, led_sif_pool,
          elyvilon_altar_4, grunt_gozag_statues, uniq_jessica
D:4:      layout_loops_ring, grunt_dithmenos_smoke
D:5:      layout_rooms, gammafunk_temple_overflow_forgotten, marbit_many_paths,
          minmay_temple_entry_glass, basic_altar
D:6:      layout_basic, nicolae_overflow_crystal_walls, uniq_pikel, uniq_duvessa
D:7:      layout_basic, serial_shops, shop_coins, uniq_menkaure, uniq_joseph
Temple:   minmay_temple_curvy_loop

Skill      XL: |  1  2  3  4  5  6  7  8 |
---------------+-------------------------+-----
Maces & Flails | 3 4 5 6 7 9 11 | 11.9
Fighting       | |  3.2
Armour         | |  3.2
Shields        | |  3.2

Action                   |  1- 3 |  4- 6 |  7- 9 || total
-------------------------+-------+-------+-------++-------
Melee: Flail             |    49 |   198 |   151 ||   398
       Whip              |       |       |    99 ||    99
 Stab: Distracted        |       |     1 |       ||     1
  Eat: Chunk             |       |     3 |       ||     3
       Ration            |       |     2 |     2 ||     4
Armor: Scale mail        |    23 |   109 |   173 ||   305
Dodge: Dodged            |    11 |    60 |    91 ||   162
Block: Kite shield       |    23 |    86 |   143 ||   252

Table legend:
 A = Non-vault XP
 B = Vault XP
 C = Vault XP percentage of total XP
 D = Non-vault monster count
 E = Vault monster count
 F = Vault count percentage of total count
                 A         B        C        D         E       F
            +---------+---------+-------+---------+---------+-------
      Total |    1882 |    1197 |  38.9 |      94 |       8 |   7.8
            +---------+---------+-------+---------+---------+-------
        D:1 |      24 |       0 |   0.0 |       9 |       0 |   0.0
        D:2 |     168 |      71 |  29.7 |      21 |       2 |   8.7
        D:3 |      42 |      37 |  46.8 |      16 |       1 |   5.9
        D:4 |     334 |       0 |   0.0 |      19 |       0 |   0.0
        D:5 |     462 |      70 |  13.2 |       7 |       1 |  12.5
        D:6 |     293 |     862 |  74.6 |       9 |       3 |  25.0
        D:7 |     559 |     157 |  21.9 |      13 |       1 |   7.1
            +---------+---------+-------+---------+---------+-------
